Unix xNetHack Version 8.0.0-0 Beta - last build May 23 2023 12:29:33 (48e0f498bddf5b3386cf01f11b5f79b85f712bd7,branch:master). Game began 2023-05-24 13:12:32, ended 2023-05-24 13:18:53. breadmaster, chaotic female orcish Rogue --------- ---+------- -........##### ----------- ####-.........| ------------ |.......| |..........### |.........| |*%m@[[.*%!| |.......|######-.........| |.........| |...d.@....| |.......|# |~.........# #+.........| ------|----- |.......-# -|-.-------######|.........| ## #-.----.-- ^ # # #..........| # ###### #### # # --.-------- # # ## #### # # # # # ##### # # ## # ### # #`#### # ###### # # # ########## # ## -.---.-- # --------+---|-##### # |......| # |............| # ############ #####.......| --------# |............| # -.-.- # |......| |......|# |.............## |.|.| ### |....>.| |<......# -------------- |...-#### |......| |......| |>..| ------#- -------- ----- Breadmaster the Footpad St:14 Dx:17 Co:13 In:10 Wi:11 Ch:10 Chaotic S:183 Dlvl:2 $:31 HP:0(11) Pw:4(4) AC:7 Xp:1/13 T:633 Latest messages: The sewer rat bites! The little dog bites the sewer rat. The sewer rat is killed! You swap places with your little dog. You swap places with your little dog. The little dog misses the goblin. The little dog bites the goblin. The goblin wields an orcish dagger! The little dog misses the goblin. The little dog misses the goblin. The little dog bites the goblin. The goblin thrusts his orcish dagger at the little dog. The goblin impales the little dog. The little dog bites the goblin. The goblin is killed! You see here an orcish dagger. b - a +0 orcish dagger (alternate weapon; not wielded) {10} (9 in total). The door opens. The hinges screech loudly. You see here a food ration. q - a food ration {20} (2 in total). You hear a pick striking rock. You descend the stairs. You climb up the stairs. The door opens. "Hello, breadmaster! Welcome to Akureyri's general store!" You see here a fortune cookie (for sale, 9 zorkmids). You see here a white gem (for sale, 5333 zorkmids). You see here a food ration (for sale, 60 zorkmids). You see here a dark green potion (for sale, 200 zorkmids). The little dog picks up a fortune cookie. You stop. Your little dog is in the way! The little dog drops a fortune cookie. The little dog picks up a fortune cookie. You see here a scale mail (for sale, 60 zorkmids). You see here a visored helmet (for sale, 13 zorkmids). "For you, most gracious lady; only 13 zorkmids for this visored helmet." v - a visored helmet (unpaid, 13 zorkmids) {30}. What do you want to drop? [$a-v or ?*] v You drop a visored helmet (unpaid, 13 zorkmids) {30}. You see here a candle (for sale, 18 zorkmids). Wait! That's a small mimic! You pierce the small mimic! The small mimic claws you! You gore the small mimic. The little dog drops a fortune cookie. The small mimic claws you! You die... Akureyri gratefully inherits all your possessions. Do you want to see what you had when you died? [ynq] (y) q Inventory: Inventory: 624/725 weight (21/52 slots) Coins $ - 31 gold pieces {1} Amulets u - an uncursed gold amulet of guarding {34} Weapons j - 8 +0 arrows {8} n - a blessed +0 iron crossbow {133} b - 9 +0 orcish daggers (alternate weapons; not wielded) {90} k - a +0 flail {15} a - a +0 orcish short sword (weapon in hand) {30} Armor c - a blessed +1 leather light armor (being worn) {113} Comestibles q - 2 uncursed food rations {40} g - an uncursed fortune cookie {1} h - 2 uncursed tins of spinach {20} l - an uncursed lichen corpse {20} Scrolls t - an uncursed scroll of amnesia {5} r - 2 uncursed scrolls of enchant weapon {10} o - an uncursed scroll of water {5} Potions p - an uncursed potion of gain level {20} d - an uncursed potion of sickness {20} s - a cursed potion of sleeping {20} m - an uncursed potion of water {20} Tools f - an empty uncursed sack {15} e - an uncursed lock pick {4} Gems/Stones i - an uncursed worthless piece of green glass {1} Breadmaster the Rogue's attributes: Background: You were a Footpad, a level 1 female orcish Rogue. You were chaotic, on a mission for Kos who was opposed by Issek (lawful) and Mog (neutral). You were heterosexual. You were in the Dungeons of Doom, on level 2. You entered the dungeon 633 turns ago. You had 13 experience points, 7 more were needed to attain level 2. Your score was 183 before end-of-game adjustments. Basics: You had 0 out of 11 hit points. You had all 4 energy points (spell power). Your armor class was 7. Your wallet contained 31 zorkmids. Autopickup was off. Final Characteristics: Your strength was 14 (limit:18/50). Your dexterity was 17 (limit:18). Your constitution was 13 (limit:18). Your intelligence was 10 (limit:16). Your wisdom was 11 (limit:16). Your charisma was 10 (limit:16). Final Status: You were not hungry. You were unencumbered. You were wielding a short sword. You had basic skill with short sword. Final Attributes: You were fervently aligned. You were poison resistant. You had infravision. You were stealthy. You were warded. You are dead. Miscellaneous: You never encountered a bones level. Total elapsed playing time was 6 minutes and 20 seconds. Major events: Turn 1: breadmaster the chaotic female orcish Rogue entered the dungeon 600: entered the Gnomish Mines 633: killed by a small mimic Vanquished creatures: a jackal a goblin a sewer rat 4 grid bugs a lichen 7 newts 15 creatures vanquished. No species were genocided or became extinct. Voluntary challenges: You were an atheist. You were illiterate. You never genocided any monsters. You never polymorphed an object. You never changed form. You never touched an artifact. You used no wishes. You never scared an enemy with impunity. You were celibate. You never generated conflict. Achievements: You entered the Gnomish Mines. You entered a shop. Dungeon overview: The Dungeons of Doom: levels 1 to 2 Level 1: Some fountains. Level 2: <- You were here. A general store, a grave. Stairs down to The Gnomish Mines. Final resting place for you, killed by a small mimic. The Gnomish Mines: Level 3: Game over: __________ / \ / REST \ / IN \ / PEACE \ / \ | breadmaster | | 31 Au | | killed by a | | small mimic | | | | | | 2023 | *| * * * | * _________)/\\_//(\/(/\)/\//\/|_)_______ Goodbye breadmaster the Rogue... You died in The Dungeons of Doom on dungeon level 2 with 180 points, and 31 pieces of gold, after 633 moves. You were level 1 with a maximum of 11 hit points when you died.